[Event "Titled Tuesday Blitz October 04 Early 2022"]
[White "Tang, Andrew"]
[Black "Derjabin, Ilja"]
[WhiteFideId "2059630"]
[BlackFideId "14104768"]
[WhiteElo "2581"]
[BlackElo "2341"]
[Result "1-0"]
[Round "01"]
[TimeControl "180+1"]
[Date "2022.10.04"]
[WhiteClock "0:00:06"]
[BlackClock "0:00:02"]

1. d4 Nf6 2. c4 d6 3. Nc3 Bf5 4. f3 e5 5. e4 exd4 6. Qxd4 Nc6 7. Qd2 Be6 8. b3 g6 9. Bb2 Bg7 10. Bd3 Ne5 11. Bc2 Nh5 12. O-O-O Bxc4 13. g4 Nf6 14. g5 Nh5 15. f4 Be6 16. fxe5 Bxe5 17. Nge2 O-O 18. h4 a5 19. Kb1 c6 20. Nd4 Bd7 21. Nf3 Bf4 22. Qd4 c5 23. Qf2 Bc6 24. Ne2 a4 25. Nxf4 Nxf4 26. Qd2 Nh5 27. Qc3 f6 28. Qc4+ Rf7 29. gxf6 b5 30. Qe6 axb3 31. axb3 Qa5 32. Ng5 Be8 33. Rxd6 Nf4 34. Qg4 c4 35. Qf3 Qa2+ 36. Kc1 Rc8 37. bxc4 Rxc4 38. Qxf4 Rxc2+ 39. Kxc2 Rc7+ 40. Kd1 Qxb2 41. f7+ Bxf7 42. Rd2 Rc1+ 43. Ke2 Bc4+ 44. Kf2 Qc3 45. Rxc1 1-0


[Site "https://www.chess.com"]

[Event "Titled Tuesday Blitz October 04 Early 2022"]
[White "Terry, Renato"]
[Black "Kubicka, Anna"]
[WhiteFideId "3803457"]
[BlackFideId "1152254"]
[WhiteElo "2577"]
[BlackElo "2162"]
[Result "1-0"]
[Round "01"]
[TimeControl "180+1"]
[Date "2022.10.04"]
[WhiteClock "0:00:23"]
[BlackClock "0:00:14"]

1. e4 c5 2. Nf3 d6 3. Bb5+ Bd7 4. Bxd7+ Qxd7 5. O-O Nf6 6. Re1 Nc6 7. c3 e6 8. d4 cxd4 9. cxd4 d5 10. e5 Ne4 11. a3 Be7 12. Qd3 Rc8 13. Nbd2 Nxd2 14. Bxd2 a6 15. h4 Na7 16. a4 h6 17. h5 O-O 18. g4 f6 19. exf6 Bxf6 20. Qg6 Qf7 21. Bb4 Qxg6 22. hxg6 Rfe8 23. Re2 Nc6 24. Bc3 Nd8 25. a5 Rc6 26. Rae1 b5 27. axb6 Rxb6 28. Ba5 Rd6 29. Bc7 Rc6 30. Bxd8 Bxd8 31. Ne5 Rb6 32. Nd7 Rc6 33. Nc5 Bf6 34. Rxe6 Rexe6 35. Nxe6 Rc8 36. Re2 Re8 37. Kg2 a5 38. b3 Rb8 39. f4 Be7 40. Nc7 Bf6 41. Nxd5 Bxd4 42. Ne7+ Kf8 43. Nc6 Rxb3 44. Nxd4 Rb4 45. Ne6+ Ke7 46. Nxg7+ Kf6 47. Nh5+ Kxg6 48. Re6+ Kf7 49. Rf6+ Ke7 50. Kg3 a4 51. Rxh6 a3 52. Ra6 Rb3+ 53. Kh4 Kf7 54. Kg5 Rb5+ 55. f5 Rb3 56. Ra7+ Ke8 57. Kg6 Rb4 58. Nf6+ Kd8 59. Rxa3 Ke7 60. Ra7+ Kd6 61. g5 Rb1 62. Kf7 Rg1 63. g6 Ke5 64. Ra5+ Kd6 65. g7 1-0


[Site "https://www.chess.com"]

[Event "Titled Tuesday Blitz October 04 Early 2022"]
[White "Urbina Perez, Juan Antonio"]
[Black "Svane, Rasmus"]
[WhiteFideId "2217368"]
[BlackFideId "4657101"]
[WhiteElo "2197"]
[BlackElo "2674"]
[Result "0-1"]
[Round "01"]
[TimeControl "180+1"]
[Date "2022.10.04"]
[WhiteClock "0:01:50"]
[BlackClock "0:00:53"]

1. e4 c6 2. d4 d5 3. Nd2 dxe4 4. Nxe4 Nf6 5. Nxf6+ exf6 6. c3 Bd6 7. Bd3 O-O 8. Qc2 Re8+ 9. Ne2 h5 10. Be3 Nd7 11. O-O-O Nf8 12. Kb1 Be6 13. h3 b5 14. g4 h4 15. g5 fxg5 16. Bxg5 Qxg5 17. Rhg1 Qf6 18. f4 Bc4 19. Rg2 Bxd3 20. Qxd3 Ng6 21. Rdg1 Bxf4 22. Rf2 Re3 23. Qc2 Rae8 24. Rgf1 Qg5 25. a3 Bg3 26. Rxf7 Rxe2 27. Qb3 Qd5 28. Qb4 Re1+ 0-1


[Site "https://www.chess.com"]

[Event "Titled Tuesday Blitz October 04 Early 2022"]
[White "Vokhidov, Shamsiddin"]
[Black "Spitzl, Vinzent"]
[WhiteFideId "14204223"]
[BlackFideId "12901253"]
[WhiteElo "2619"]
[BlackElo "2247"]
[Result "1-0"]
[Round "01"]
[TimeControl "180+1"]
[Date "2022.10.04"]
[WhiteClock "0:01:57"]
[BlackClock "0:01:33"]

1. e4 d5 2. exd5 Qxd5 3. Nc3 Qd8 4. d4 Nf6 5. Nf3 g6 6. Bc4 Bg7 7. O-O O-O 8. h3 a6 9. a4 Nc6 10. Re1 b6 11. Bg5 Bb7 12. d5 Nb4 13. Qe2 Re8 14. Rad1 Qd6 15. Ne5 h6 16. Bf4 Qc5 17. d6 exd6 18. Bxf7+ Kh7 19. Bxg6+ Kg8 20. Bxe8 Rxe8 21. Qc4+ Qxc4 22. Nxc4 Rxe1+ 23. Rxe1 Kf7 24. Bxd6 Nxc2 25. Re7+ 1-0


[Site "https://www.chess.com"]

[Event "Titled Tuesday Blitz October 04 Early 2022"]
[White "Wirig, Anthony"]
[Black "Poliakova, Varvara"]
[WhiteFideId "615013"]
[BlackFideId "13518313"]
[WhiteElo "2474"]
[BlackElo "1938"]
[Result "1-0"]
[Round "01"]
[TimeControl "180+1"]
[Date "2022.10.04"]
[WhiteClock "0:00:08"]
[BlackClock "0:00:17"]

1. d4 f5 2. Bg5 d6 3. e3 g6 4. h4 h6 5. Bf4 Bg7 6. Nc3 Nf6 7. Bc4 d5 8. Be2 c6 9. Nf3 Nbd7 10. Ne5 Nxe5 11. Bxe5 Be6 12. f3 O-O 13. Qd2 b5 14. Bd3 h5 15. Ne2 Bf7 16. Nf4 Nd7 17. Bxg7 Kxg7 18. O-O-O e5 19. dxe5 Nxe5 20. Qc3 Qf6 21. Be2 a5 22. Rdg1 b4 23. Qc5 Nd7 24. Qd4 c5 25. Qxf6+ Kxf6 26. Rd1 Nb6 27. Rhe1 Rfe8 28. Bb5 Re7 29. Bf1 Rd8 30. Rd2 a4 31. a3 bxa3 32. bxa3 Rb8 33. Bb5 Rd8 34. c4 d4 35. Rde2 dxe3 36. Rxe3 Rxe3 37. Rxe3 Nxc4 38. Bxc4 Bxc4 39. Rc3 Rd4 40. Nh3 Bf1 41. Rc2 c4 42. Ng1 Bd3 43. Rb2 Ke5 44. Rb6 Rd6 45. Rb4 Ra6 46. Kd2 Kf4 47. Nh3+ Kg3 48. Ke3 Kxg2 49. Nf4+ Kh2 50. Rb2+ Kh1 51. Ra2 Ra8 52. Kf2 Rb8 53. Kg3 Rb1 54. Rh2+ Kg1 55. Rf2 Bf1 56. Rc2 Rb3 57. Rc1 Rb2 58. Nh3+ Kh1 59. Rxf1# 1-0


[Site "https://www.chess.com"]

[Event "Titled Tuesday Blitz October 04 Early 2022"]
[White "Andreikin, Dmitry"]
[Black "Girel, Joseph"]
[WhiteFideId "4158814"]
[BlackFideId "36033561"]
[WhiteElo "2736"]
[BlackElo "2281"]
[Result "1-0"]
[Round "02"]
[TimeControl "180+1"]
[Date "2022.10.04"]
[WhiteClock "0:01:10"]
[BlackClock "0:00:03"]

1. Nf3 d5 2. g3 Nf6 3. Bg2 e6 4. O-O Be7 5. d3 O-O 6. Bf4 c5 7. a4 Nc6 8. e4 d4 9. Na3 Nd7 10. Nc4 f6 11. e5 f5 12. h4 Nb6 13. Ng5 Nxc4 14. dxc4 h6 15. Qh5 Qe8 16. Qxe8 Rxe8 17. Nf3 Bd7 18. Ne1 Na5 19. b3 Bc6 20. Nd3 Bxg2 21. Kxg2 Nc6 22. Kf3 g5 23. Bd2 Kg7 24. Rh1 b6 25. Rh2 a5 26. hxg5 hxg5 27. g4 f4 28. Rah1 Rh8 29. Rh5 Rxh5 30. gxh5 Kh6 31. Ke4 Rf8 32. f3 Rf5 33. c3 Bd8 34. b4 dxc3 35. b5 cxd2 36. bxc6 Rf7 37. Nf2 Rc7 38. Ng4+ Kh7 39. Rd1 Rxc6 40. Rxd2 Rc8 41. Rd7+ Kh8 42. Nh6 Bc7 43. Nf7+ Kg8 44. Nxg5 b5 45. h6 bxa4 46. Rg7+ Kh8 47. Nf7# 1-0


[Site "https://www.chess.com"]

[Event "Titled Tuesday Blitz October 04 Early 2022"]
[White "Avila Pavas, Santiago"]
[Black "Lazavik, Denis"]
[WhiteFideId "4437128"]
[BlackFideId "13515110"]
[WhiteElo "2360"]
[BlackElo "2437"]
[Result "0-1"]
[Round "02"]
[TimeControl "180+1"]
[Date "2022.10.04"]
[WhiteClock "0:00:37"]
[BlackClock "0:01:25"]

1. b3 d5 2. Bb2 Nf6 3. Nf3 Bf5 4. e3 e6 5. Be2 h6 6. O-O Nbd7 7. c4 c6 8. Nc3 Bd6 9. d4 O-O 10. Re1 Bg6 11. Bd3 Ne4 12. Ne2 Qb8 13. cxd5 exd5 14. Ng3 f5 15. a4 a5 16. Ba3 Bxa3 17. Rxa3 Qd6 18. Ra1 Rae8 19. Qc2 Bh7 20. Rad1 g5 21. Qb2 Qb4 22. Ne5 Nxe5 23. dxe5 Qc3 24. Qxc3 Nxc3 25. Rc1 Na2 26. Rc5 Nb4 27. Bb1 b6 0-1


[Site "https://www.chess.com"]

[Event "Titled Tuesday Blitz October 04 Early 2022"]
[White "Bacrot, Etienne"]
[Black "Hristodoulou, Panagiotis"]
[WhiteFideId "605506"]
[BlackFideId "4214340"]
[WhiteElo "2666"]
[BlackElo "2272"]
[Result "1-0"]
[Round "02"]
[TimeControl "180+1"]
[Date "2022.10.04"]
[WhiteClock "0:01:25"]
[BlackClock "0:00:49"]

1. e4 e5 2. Nf3 Nc6 3. Bb5 g6 4. h4 Nf6 5. h5 Nxh5 6. d4 exd4 7. c3 d3 8. Qxd3 d6 9. c4 Bd7 10. Nc3 Ne5 11. Nxe5 dxe5 12. Qd5 Bxb5 13. Qxb5+ Qd7 14. Qxe5+ Qe7 15. Qxh8 O-O-O 16. Rxh5 1-0


[Site "https://www.chess.com"]

[Event "Titled Tuesday Blitz October 04 Early 2022"]
[White "Barria Zuniga, Daniel"]
[Black "Wirig, Anthony"]
[WhiteFideId "3400816"]
[BlackFideId "615013"]
[WhiteElo "2414"]
[BlackElo "2474"]
[Result "1/2-1/2"]
[Round "02"]
[TimeControl "180+1"]
[Date "2022.10.04"]
[WhiteClock "0:02:00"]
[BlackClock "0:01:52"]

1. d4 Nf6 2. c4 e6 3. Nf3 Bb4+ 4. Nbd2 O-O 5. g3 b6 6. Bg2 Bb7 7. O-O a5 8. Qc2 Bxd2 9. Qxd2 Be4 10. b3 d6 11. Bb2 Nbd7 12. Bh3 h6 13. Ne1 Bf5 14. Bg2 Be4 15. f3 Bb7 16. e4 Qe7 17. Nc2 a4 18. Bc3 axb3 19. axb3 Rxa1 20. Rxa1 Ra8 21. Qe1 Qd8 22. Rxa8 Qxa8 23. Qa1 Qxa1+ 24. Nxa1 e5 25. Nc2 Kf8 26. Ne3 1/2-1/2


[Site "https://www.chess.com"]

[Event "Titled Tuesday Blitz October 04 Early 2022"]
[White "Bluebaum, Matthias"]
[Black "Ernst, Sipke"]
[WhiteFideId "24651516"]
[BlackFideId "1004689"]
[WhiteElo "2633"]
[BlackElo "2438"]
[Result "1-0"]
[Round "02"]
[TimeControl "180+1"]
[Date "2022.10.04"]
[WhiteClock "0:00:03"]
[BlackClock "0:00:01"]

1. d4 d5 2. c4 c6 3. Nf3 Nf6 4. Nc3 dxc4 5. e4 b5 6. Qc2 e6 7. Be2 a5 8. O-O Be7 9. e5 Nd5 10. Ne4 Nd7 11. b3 Ba6 12. bxc4 bxc4 13. Bxc4 Nb4 14. Qe2 O-O 15. Bd2 Qb6 16. Rab1 Bxc4 17. Qxc4 Qa6 18. Qxa6 Rxa6 19. a3 Nd5 20. Rb7 Rd8 21. a4 c5 22. Rc1 cxd4 23. h4 h6 24. Rc4 Kf8 25. Rxd4 Nc5 26. Rxe7 Nxe4 27. Rb7 Nxd2 28. Nxd2 Raa8 29. Nc4 Rab8 30. Nxa5 Rxb7 31. Nxb7 Rb8 32. Nd6 Rb1+ 33. Kh2 Rc1 34. Rc4 Ra1 35. Rc8+ Ke7 36. Ra8 f6 37. Ra7+ Kf8 38. exf6 gxf6 39. a5 Ra3 40. f3 Ra2 41. a6 Ne3 42. Kg3 Nf1+ 43. Kg4 Ra5 44. Ra8+ Kg7 45. a7 h5+ 46. Kh3 e5 47. Nc8 1-0


[Site "https://www.chess.com"]

[Event "Titled Tuesday Blitz October 04 Early 2022"]
[White "Bortnyk, Olexandr"]
[Black "SahaNeelash"]
[WhiteFideId "14120828"]
[WhiteElo "2723"]
[BlackElo "2702"]
[Result "1-0"]
[Round "02"]
[TimeControl "180+1"]
[Date "2022.10.04"]
[WhiteClock "0:01:59"]
[BlackClock "0:02:00"]

1. d4 d5 2. Nc3 Nf6 3. Bf4 c5 4. e4 Nc6 5. Nb5 e5 6. dxe5 Nxe4 7. Qxd5 Qa5+ 8. c3 Bf5 9. Bc4 Bg6 10. e6 Rd8 11. exf7+ Ke7 12. Qe6# 1-0


[Site "https://www.chess.com"]

[Event "Titled Tuesday Blitz October 04 Early 2022"]
[White "Domingo Nunez, Alejandro"]
[Black "Terry, Renato"]
[WhiteFideId "22245561"]
[BlackFideId "3803457"]
[WhiteElo "2242"]
[BlackElo "2577"]
[Result "1/2-1/2"]
[Round "02"]
[TimeControl "180+1"]
[Date "2022.10.04"]
[WhiteClock "0:00:13"]
[BlackClock "0:00:09"]

1. Nf3 Nf6 2. g3 d5 3. Bg2 c6 4. O-O Bg4 5. h3 Bh5 6. d3 Nbd7 7. Qe1 e5 8. e4 dxe4 9. dxe4 Be7 10. Nh4 O-O 11. a4 Re8 12. a5 Nc5 13. Nd2 Qc7 14. Nc4 Ne6 15. c3 b5 16. axb6 axb6 17. Rxa8 Rxa8 18. Be3 b5 19. Nd2 Nc5 20. g4 Bg6 21. Nf5 Bf8 22. Qb1 h5 23. g5 Nfd7 24. Nh4 Bh7 25. g6 Bxg6 26. Nxg6 fxg6 27. f4 exf4 28. Bxf4 Bd6 29. e5 Bxe5 30. Bxe5 Nxe5 31. Ne4 Ne6 32. Qe1 Rf8 33. Rxf8+ Kxf8 34. Qg3 Kf7 35. h4 Nc4 36. Ng5+ Ke7 37. Qf3 Nxg5 38. hxg5 Ne5 39. Qf4 Ke6 40. Bh3+ Ke7 41. Qe4 Qd6 42. Bf1 Qe6 43. Bg2 Qf5 44. Qe3 Kf7 45. Be4 Qg4+ 46. Bg2 Ke6 47. Qa7 Qxg5 48. Qxg7 Qc1+ 49. Kh2 Ng4+ 50. Kg3 Qe3+ 51. Kh4 Qf2+ 52. Kh3 Qe3+ 53. Kh4 Qe1+ 54. Kh3 Nf2+ 55. Kh2 Ng4+ 56. Kh3 Qe3+ 57. Kh4 1/2-1/2


[Site "https://www.chess.com"]

[Event "Titled Tuesday Blitz October 04 Early 2022"]
[White "Duda, Jan-Krzysztof"]
[Black "Kodinets, Konstantin L."]
[WhiteFideId "1170546"]
[BlackFideId "4122011"]
[WhiteElo "2779"]
[BlackElo "2447"]
[Result "1-0"]
[Round "02"]
[TimeControl "180+1"]
[Date "2022.10.04"]
[WhiteClock "0:00:06"]
[BlackClock "0:00:03"]

1. d4 d6 2. e4 Nf6 3. Nc3 e5 4. Nf3 exd4 5. Nxd4 Be7 6. Bf4 O-O 7. Qd2 Nc6 8. O-O-O Nxd4 9. Qxd4 a6 10. f3 b5 11. g4 c5 12. Qd2 b4 13. Ne2 Qa5 14. Kb1 Be6 15. Nc1 c4 16. Qd4 Rac8 17. h4 Rfd8 18. Bg5 h6 19. Be3 d5 20. Qb6 Qa4 21. g5 Nd7 22. Qa7 Bc5 23. Bxc5 Nxc5 24. gxh6 b3 25. cxb3 cxb3 26. a3 Rd7 27. Qb6 dxe4 28. Rxd7 Nxd7 29. Qxa6 Rxc1+ 30. Kxc1 Qd4 31. Qc8+ Kh7 32. Qc3 Qxc3+ 33. bxc3 gxh6 34. fxe4 Nc5 35. Bb5 Kg7 36. a4 Kf6 37. a5 Bc8 38. Rf1+ Ke7 39. e5 Ne4 40. Kb2 Bh3 41. Rf4 Nc5 42. a6 Bd7 43. Bc4 Be6 44. a7 Bxc4 45. Rxc4 1-0


[Site "https://www.chess.com"]

[Event "Titled Tuesday Blitz October 04 Early 2022"]
[White "Eljanov, Pavel"]
[Black "Shuvalova, Polina"]
[WhiteFideId "14102951"]
[BlackFideId "24171760"]
[WhiteElo "2601"]
[BlackElo "2392"]
[Result "1/2-1/2"]
[Round "02"]
[TimeControl "180+1"]
[Date "2022.10.04"]
[WhiteClock "0:00:15"]
[BlackClock "0:00:02"]

1. c4 e6 2. Nf3 d5 3. g3 Nf6 4. Bg2 dxc4 5. Qa4+ Nbd7 6. Qxc4 c5 7. d3 Be7 8. a4 O-O 9. Qb3 Qc7 10. Na3 a6 11. Nc4 Nd5 12. a5 N7f6 13. O-O Bd7 14. Bd2 Bc6 15. Rfc1 Rac8 16. Nfe5 Rfd8 17. Nxc6 Qxc6 18. d4 Qe8 19. dxc5 Rxc5 20. e4 Rb5 21. Qa4 Nb4 22. Be3 Nd3 23. Rd1 Nxb2 24. Nxb2 Rxb2 25. Qxe8+ Rxe8 26. Rac1 Bb4 27. e5 Nd5 28. Bxd5 exd5 29. Rxd5 Ra2 30. Bb6 h5 31. Rc7 h4 32. gxh4 Re6 33. Rd8+ Kh7 34. Rxf7 Bxa5 35. Be3 Rg6+ 36. Kf1 Bxd8 37. h5 Rg4 38. h6 Kg8 39. Rd7 Bb6 40. Bxb6 gxh6 41. e6 Ra1+ 42. Ke2 Re4+ 43. Be3 Rxe6 44. Rxb7 Ra2+ 45. Kf3 a5 46. Ra7 Rf6+ 47. Kg4 Rf7 48. Ra6 a4 49. Rxh6 a3 50. Ra6 Ra1 51. Bd4 Ra2 52. h4 Rd7 53. Be5 Rd3 54. f4 Rg2+ 55. Kf5 a2 56. h5 Rh2 57. Ra8+ Kf7 58. Ra7+ Ke8 59. Kg6 Rg3+ 60. Kf6 Rxh5 61. Ke6 Rg6+ 62. Bf6 Rxf6+ 63. Kxf6 Rh2 64. f5 Rb2 65. Ra8+ Kd7 66. Kf7 Rf2 67. f6 Kc7 68. Kg7 Kb7 69. Ra3 Kb6 70. f7 Rg2+ 71. Kf8 Kb5 72. Ke8 Re2+ 73. Kd7 Rf2 74. Ke6 Re2+ 75. Kd6 Rf2 76. Ke6 Re2+ 77. Kd6 Rf2 78. Ke6 1/2-1/2


[Site "https://www.chess.com"]

[Event "Titled Tuesday Blitz October 04 Early 2022"]
[White "Gunduz, Umut Erdem"]
[Black "Vokhidov, Shamsiddin"]
[WhiteFideId "6381383"]
[BlackFideId "14204223"]
[WhiteElo "2182"]
[BlackElo "2619"]
[Result "1/2-1/2"]
[Round "02"]
[TimeControl "180+1"]
[Date "2022.10.04"]
[WhiteClock "0:02:41"]
[BlackClock "0:01:55"]

1. e4 c5 2. Nf3 d6 3. d4 cxd4 4. Nxd4 Nf6 5. Nc3 a6 6. Bg5 Nbd7 7. Qe2 h6 8. Bh4 g6 9. f4 e5 10. fxe5 dxe5 11. O-O-O Qc7 12. Nb3 b5 13. Qf3 Bg7 14. Rxd7 Nxd7 15. Nd5 Qb8 16. Na5 O-O 17. Be7 Re8 18. Nc6 Qb7 19. Na5 Qa7 20. Nc6 Qb7 21. Na5 Qb8 22. Nc6 Qb7 1/2-1/2


[Site "https://www.chess.com"]

[Event "Titled Tuesday Blitz October 04 Early 2022"]
[White "Guzman, Christopher"]
[Black "Makhnev, Denis"]
[WhiteFideId "6405096"]
[BlackFideId "13707647"]
[WhiteElo "2272"]
[BlackElo "2486"]
[Result "1-0"]
[Round "02"]
[TimeControl "180+1"]
[Date "2022.10.04"]
[WhiteClock "0:01:07"]
[BlackClock "0:00:13"]

1. e4 e5 2. Nf3 Nc6 3. Bb5 a6 4. Ba4 d6 5. c3 Bd7 6. O-O g6 7. Re1 Bg7 8. d4 Nf6 9. Bg5 O-O 10. d5 Nb8 11. Bxd7 Nbxd7 12. c4 h6 13. Be3 Ng4 14. h3 Nxe3 15. Rxe3 f5 16. Nc3 h5 17. b4 f4 18. Re1 g5 19. Nh2 Nf6 20. c5 Rf7 21. a4 Bf8 22. c6 b6 23. f3 Bh6 24. Kf2 Rg7 25. Rh1 a5 26. b5 Qe7 27. Ke1 Kf7 28. Kd2 Rag8 29. Qe2 g4 30. hxg4 hxg4 31. Kd3 Ke8 32. Raf1 g3 33. Ng4 Nxg4 34. fxg4 Rg6 35. Rh3 Bg7 36. Rfh1 Qg5 37. Qf3 Rf8 38. Ke2 Qxg4 39. Qxg4 Rxg4 40. Kf3 Rg6 41. Ne2 Kf7 42. Ng1 Bf6 43. Rh5 Rfg8 44. Rh7+ R8g7 45. Rxg7+ Kxg7 46. Rh3 Kf7 47. Rh7+ Bg7 48. Nh3 Kf6 49. Rh5 Ke7 50. Rh7 Kf7 51. Rh5 Kg8 52. Ng5 Bf6 53. Ne6 Bd8 54. Nxd8 1-0


[Site "https://www.chess.com"]

[Event "Titled Tuesday Blitz October 04 Early 2022"]
[White "Hakobyan, Aram"]
[Black "Garcia Ramos, Daniel"]
[WhiteFideId "13306677"]
[BlackFideId "32010311"]
[WhiteElo "2563"]
[BlackElo "2357"]
[Result "1-0"]
[Round "02"]
[TimeControl "180+1"]
[Date "2022.10.04"]
[WhiteClock "0:00:17"]
[BlackClock "0:00:03"]

1. e4 c6 2. Nf3 d5 3. exd5 cxd5 4. d4 Nc6 5. c3 Nf6 6. Ne5 a6 7. Nd2 Bf5 8. Qa4 Qc8 9. Ndf3 e6 10. Nxc6 Qxc6 11. Qd1 Bd6 12. Bd3 Bg6 13. O-O O-O 14. Bxg6 hxg6 15. Ng5 e5 16. dxe5 Bxe5 17. Be3 Rfe8 18. Qf3 Rad8 19. Rad1 Qc4 20. a3 b5 21. h3 Rd7 22. Bd4 Rde7 23. g3 Bxd4 24. Rxd4 Qe2 25. Rb1 Qc2 26. Qd3 Re1+ 27. Rxe1 Rxe1+ 28. Kg2 Qc1 29. Nf3 Re8 30. Qd2 Qb1 31. Rf4 Re4 32. Ng5 Re1 33. Nf3 Re4 34. b4 Rxf4 35. Qxf4 Qe4 36. Qd6 g5 37. Qxa6 g4 38. hxg4 Nxg4 39. Qxb5 Qc2 40. Qb6 Qe4 41. Qd8+ Kh7 42. Qh4+ Kg8 43. Qd8+ Kh7 44. Qg5 f6 45. Qf4 Qxf4 46. gxf4 Kg6 47. b5 Kf5 48. b6 Ke6 49. b7 1-0


[Site "https://www.chess.com"]

[Event "Titled Tuesday Blitz October 04 Early 2022"]
[White "Ivic, Velimir"]
[Black "Zhu, Jiner"]
[WhiteFideId "950122"]
[BlackFideId "8608059"]
[WhiteElo "2625"]
[BlackElo "2384"]
[Result "1-0"]
[Round "02"]
[TimeControl "180+1"]
[Date "2022.10.04"]
[WhiteClock "0:02:30"]
[BlackClock "0:01:18"]

1. e4 c5 2. Nf3 e5 3. Nxe5 Qe7 4. Nf3 Qxe4+ 5. Be2 Nf6 6. O-O Bd6 7. Nc3 Qc6 8. Bb5 Qc7 9. Re1+ Be7 10. d4 a6 11. Bg5 axb5 12. Rxe7+ Kf8 13. Bxf6 gxf6 14. Qd2 Qd6 15. Rae1 Qxe7 16. Qh6+ Ke8 17. Rxe7+ Kxe7 18. Nd5+ Kd6 19. Qxf6+ Kxd5 20. Qe5+ 1-0


[Site "https://www.chess.com"]

[Event "Titled Tuesday Blitz October 04 Early 2022"]
[White "Kevlishvili, Robby"]
[Black "Domingo Nunez, Ruben"]
[WhiteFideId "1040634"]
[BlackFideId "22245570"]
[WhiteElo "2585"]
[BlackElo "2406"]
[Result "1-0"]
[Round "02"]
[TimeControl "180+1"]
[Date "2022.10.04"]
[WhiteClock "0:01:16"]
[BlackClock "0:00:45"]

1. e4 g6 2. d4 Bg7 3. Nf3 c6 4. Nc3 d5 5. h3 dxe4 6. Nxe4 Nf6 7. Bd3 Qa5+ 8. Bd2 Qb6 9. O-O O-O 10. Nxf6+ exf6 11. a4 a5 12. c3 Be6 13. Re1 Na6 14. Qc1 Rfe8 15. Nh2 Rad8 16. Ng4 h5 17. Ne3 f5 18. Nc4 Bxc4 19. Rxe8+ Rxe8 20. Bxc4 c5 21. dxc5 Nxc5 22. Be3 Qc7 23. Bb5 Re4 24. Qc2 Bf8 25. Rd1 f4 26. Bxc5 Bxc5 27. Qxe4 1-0


[Site "https://www.chess.com"]

[Event "Titled Tuesday Blitz October 04 Early 2022"]
[White "Kopylov, Alexander A."]
[Black "Martinez Alcantara, Jose Eduardo"]
[WhiteFideId "4164857"]
[BlackFideId "3805662"]
[WhiteElo "2436"]
[BlackElo "2703"]
[Result "0-1"]
[Round "02"]
[TimeControl "180+1"]
[Date "2022.10.04"]
[WhiteClock "0:02:28"]
[BlackClock "0:02:17"]

1. e4 c5 2. Nc3 Nc6 3. g3 g6 4. Bg2 Bg7 5. d3 d6 6. Nh3 e6 7. O-O Nge7 8. Be3 O-O 9. Qd2 Nd4 10. Bh6 Nec6 11. Bxg7 Kxg7 12. Rae1 e5 13. Nd5 Bxh3 14. f4 Bxg2 15. Kxg2 f6 16. f5 Ne7 17. Ne3 gxf5 18. c3 Ndc6 19. Rxf5 Nxf5 20. Nxf5+ Kh8 21. Qh6 Qd7 22. Rf1 Rad8 23. g4 Qf7 24. Rf3 Qg6 25. Qh4 d5 26. Rh3 dxe4 27. dxe4 Rd2+ 28. Kf1 Rd7 29. Qf2 Qxg4 30. Qxc5 Qxh3+ 31. Kg1 Rg8+ 32. Kh1 Qf3# 0-1


[Site "https://www.chess.com"]

[Event "Titled Tuesday Blitz October 04 Early 2022"]
[White "Kucuksari, Kaan"]
[Black "Kamsky, Gata"]
[WhiteFideId "6380166"]
[BlackFideId "2000024"]
[WhiteElo "2382"]
[BlackElo "2666"]
[Result "1-0"]
[Round "02"]
[TimeControl "180+1"]
[Date "2022.10.04"]
[WhiteClock "0:00:07"]
[BlackClock "0:00:01"]

1. d4 Nf6 2. c4 g6 3. g3 c6 4. Bg2 d5 5. Qa4 Bg7 6. cxd5 Nxd5 7. Nf3 O-O 8. O-O a5 9. e4 Nb6 10. Qc2 Bg4 11. Rd1 Qc8 12. Nc3 Na6 13. a3 Rd8 14. Be3 Nc4 15. e5 Nc7 16. Bg5 Re8 17. Ne4 Nb6 18. Re1 Nbd5 19. Qd2 Bh3 20. Bh1 Bg4 21. Bh6 Bxf3 22. Bxf3 Rd8 23. Bxg7 Kxg7 24. Ng5 Ne6 25. Bg4 Nxg5 26. Qxg5 Qc7 27. Rad1 h6 28. Qc1 e6 29. Bf3 Rd7 30. h4 Rad8 31. Kg2 Qb6 32. Re4 Ne7 33. h5 g5 34. Rg4 Kf8 35. Rxg5 hxg5 36. Qxg5 Nf5 37. h6 f6 38. Qxf6+ Rf7 39. h7 Rxf6 40. h8=Q+ Ke7 41. Qxf6+ Kd7 42. Qf7+ Ne7 43. Bg4 Qb3 44. Re1 Re8 45. Re3 1-0


[Site "https://www.chess.com"]

[Event "Titled Tuesday Blitz October 04 Early 2022"]
[White "Le, Tuan Minh"]
[Black "Riehle, Marco"]
[WhiteFideId "12401153"]
[BlackFideId "12904392"]
[WhiteElo "2530"]
[BlackElo "2462"]
[Result "1-0"]
[Round "02"]
[TimeControl "180+1"]
[Date "2022.10.04"]
[WhiteClock "0:00:38"]
[BlackClock "0:00:44"]

1. d4 d5 2. Nf3 e6 3. Bf4 Bd6 4. e3 Bxf4 5. exf4 Nf6 6. c3 c5 7. Nbd2 cxd4 8. Nxd4 O-O 9. Bd3 b6 10. Qe2 a5 11. O-O Ba6 12. Bxa6 Nxa6 13. f5 exf5 14. Nxf5 Re8 15. Qf3 Nc5 16. Nb3 Nxb3 17. axb3 Qd7 18. Rad1 Re5 19. Nxg7 Kxg7 20. Qg3+ Ng4 21. f3 Re2 22. Rd4 Rae8 23. h4 Rxb2 24. Rxg4+ Kh8 25. Re1 Rxe1+ 26. Qxe1 Qe6 27. Qg3 Qe8 28. Qf4 Qd8 29. Qxf7 Rb1+ 30. Kh2 Qd6+ 31. f4 1-0


[Site "https://www.chess.com"]

[Event "Titled Tuesday Blitz October 04 Early 2022"]
[White "Prokofiev, Valentyn"]
[Black "Safarli, Eltaj"]
[WhiteFideId "14160161"]
[BlackFideId "13402129"]
[WhiteElo "2259"]
[BlackElo "2634"]
[Result "1/2-1/2"]
[Round "02"]
[TimeControl "180+1"]
[Date "2022.10.04"]
[WhiteClock "0:00:03"]
[BlackClock "0:00:20"]

1. d4 Nf6 2. c4 e6 3. Nf3 b6 4. e3 Bb4+ 5. Nbd2 Bb7 6. Bd3 O-O 7. O-O Bxd2 8. Bxd2 d6 9. Qc2 Nbd7 10. Rad1 e5 11. dxe5 dxe5 12. Bf5 Qe7 13. Bc3 Rfe8 14. Rd2 g6 15. Bxd7 Nxd7 16. Rfd1 Bxf3 17. gxf3 Nf6 18. Qa4 Qe6 19. Kg2 e4 20. Bxf6 exf3+ 21. Kxf3 Qxf6+ 22. Kg2 Re5 23. Rd5 Rae8 24. Qd7 Rg5+ 25. Rxg5 Qxg5+ 26. Kf1 Qe5 27. Rd5 Qe4 28. Rd4 Qb1+ 29. Kg2 Re5 30. Rf4 Rg5+ 31. Kf3 Rf5 32. Rxf5 gxf5 33. Kf4 Qe4+ 34. Kg5 Qxc4 35. Qd8+ Kg7 36. Qf6+ Kg8 37. Qd8+ Kg7 38. Qf6+ Kf8 39. Qd8+ Kg7 1/2-1/2


[Site "https://www.chess.com"]

[Event "Titled Tuesday Blitz October 04 Early 2022"]
[White "Rastbod, Ali"]
[Black "Paravyan, David"]
[WhiteFideId "12567477"]
[BlackFideId "4194985"]
[WhiteElo "2248"]
[BlackElo "2555"]
[Result "0-1"]
[Round "02"]
[TimeControl "180+1"]
[Date "2022.10.04"]
[WhiteClock "0:00:03"]
[BlackClock "0:00:07"]

1. c4 Nf6 2. Nc3 d5 3. cxd5 Nxd5 4. g3 e5 5. Bg2 Nxc3 6. bxc3 Bd6 7. Nf3 O-O 8. d3 Nc6 9. O-O Re8 10. Nd2 Rb8 11. Rb1 Bd7 12. Nc4 Bf8 13. a4 b6 14. f4 exf4 15. Bxf4 Rc8 16. Qb3 Ne7 17. Bg5 Be6 18. Rbd1 h6 19. Bc1 Ng6 20. d4 Bd5 21. e4 Bxe4 22. Rxf7 Qd5 23. Rd7 Qxd7 24. Bxe4 Qe6 25. Re1 Kh8 26. Bd2 Ne7 27. Bd3 Qg8 28. Qb1 Nc6 29. Rf1 Bd6 30. Ne3 Rf8 31. Nf5 Rce8 32. Qb5 Ne7 33. Nxd6 Rxf1+ 34. Kxf1 cxd6 35. Qd7 Qf8+ 36. Kg2 Rd8 37. Qxa7 Nd5 38. Qb7 Nf6 39. Qxb6 Rb8 40. Qa5 Rb2 41. c4 d5 42. Qc3 Ra2 43. c5 Ng4 44. Kh3 Qc8 45. Kh4 Nf6 46. h3 Rxd2 47. Qxd2 g5+ 48. Qxg5 hxg5+ 49. Kxg5 Kg7 50. h4 Qc7 51. h5 Qxg3+ 52. Kf5 Qg4+ 53. Ke5 Qg5+ 54. Ke6 Qg4+ 55. Bf5 Qxd4 56. c6 Qc3 57. Kd6 Ne8+ 58. Kd7 Kf6 59. Kxe8 Qxc6+ 60. Bd7 Qa8+ 0-1


[Site "https://www.chess.com"]